[ PARTIDA AOE2 · #481764968 ]
Team RMBorgoñones vs Bohemians
[ ANÁLISIS DE REPETICIÓN · EXTRAÍDO DE LA PARTIDA GRABADA ]
Feudal
11:53
Castillos
19:44
Imperial
—
| APM promedio | 14.7 |
| APM pico | 43 |
| eAPM promedio | 9.3 |
| Aldeanos / militares | 44 / 9 |
Foco
⚔️ 10.3% · 🌾 89.7%
Knight ×7 · Spearman ×2
Feudal
12:19
Castillos
19:30
Imperial
—
| APM promedio | 5.3 |
| APM pico | 12 |
| eAPM promedio | 4.6 |
| Aldeanos / militares | 23 / 24 |
Foco
⚔️ 33.6% · 🌾 66.4%
Skirmisher ×13 · Knight ×4 · Cavalry Archer ×3 · Archer ×2 · Scout Cavalry ×2
Feudal
15:23
Castillos
24:32
Imperial
—
| APM promedio | 7.8 |
| APM pico | 19 |
| eAPM promedio | 6.1 |
| Aldeanos / militares | 36 / 35 |
Foco
⚔️ 15.0% · 🌾 85.0%
Spearman ×20 · Archer ×15 · Trade Cart ×5
Feudal
12:26
Castillos
23:22
Imperial
—
| APM promedio | 8.8 |
| APM pico | 24 |
| eAPM promedio | 8.0 |
| Aldeanos / militares | 64 / 41 |
Foco
⚔️ 15.5% · 🌾 84.5%
Militia ×39 · Trade Cart ×3 · Battering Ram ×2
Mapa de la partida
Recursos iniciales + cada clic de construcción. Líneas = muros · curvas = relieve. ◆ oro · ⬟ piedra · ● bayas · ✦ reliquia · ◌ hueco del cierre
Tu base· ✓ Cerrada en 19:44 · 19t muro · 1 puerta(s)
Base de stillslipping· ✓ Cerrada en 19:30 · 13t muro · 1 puerta(s)
Base de eduardogt75· ✓ Cerrada en 24:32 · 26t muro · 2 puerta(s)
Base de guilleaj· ✓ Cerrada en 23:22 · 29t muro · 1 puerta(s)
Terreno inicial suavizado · ◌ = hueco del cierre detectado · pasá el cursor para detalles
Inputs por minuto
— 一飞 - - stillslipping
Build order — 一飞
123 acciones detectadas en el replay
| 0:01 | Crear | Villager (Male) |
| 0:02 | Crear | Villager (Male) |
| 0:02 | Crear | Villager (Male) |
| 0:02 | Crear | Villager (Male) |
| 0:05 | Construir | House |
| 0:07 | Construir | House |
| 1:54 | Crear | Villager (Male) |
| 2:21 | Crear | Villager (Male) |
| 2:26 | Construir | Lumber Camp |
| 2:35 | Investigar | Loom |
| 3:02 | Crear | Villager (Male) |
| 3:17 | Construir | House |
| 3:18 | Construir | House |
| 4:04 | Crear | Villager (Male) |
| 4:04 | Crear | Villager (Male) |
| 4:32 | Crear | Villager (Male) |
| 5:01 | Construir | Mill |
| 5:44 | Crear | Villager (Male) |
| 5:44 | Crear | Villager (Male) |
| 5:44 | Crear | Villager (Male) |
| 6:35 | Crear | Villager (Male) |
| 6:35 | Crear | Villager (Male) |
| 6:35 | Crear | Villager (Male) |
| 7:18 | Crear | Villager (Male) |
| 7:18 | Crear | Villager (Male) |
| 7:18 | Crear | Villager (Male) |
| 7:30 | Construir | Lumber Camp |
| 7:36 | Crear | Villager (Male) |
| 8:15 | Crear | Villager (Male) |
| 9:43 | Investigar | Feudal Age |
| 10:28 | Construir | Palisade Wall |
| 10:38 | Investigar | Double-Bit Axe |
| 11:22 | Construir | Farm |
| 11:23 | Construir | Farm |
| 11:24 | Construir | Farm |
| 11:25 | Construir | Farm |
| 11:53 | Edad | Edad Feudal |
| 12:03 | Construir | House |
| 12:03 | Construir | House |
| 12:16 | Crear | Villager (Male) |
| 12:18 | Crear | Villager (Male) |
| 12:27 | Construir | Palisade Gate |
| 12:53 | Construir | Market |
| 12:58 | Construir | Blacksmith |
| 13:03 | Crear | Villager (Male) |
| 13:03 | Crear | Villager (Male) |
| 13:04 | Crear | Villager (Male) |
| 13:04 | Crear | Villager (Male) |
| 13:22 | Construir | Mining Camp |
| 14:52 | Investigar | Gold Mining |
| 15:26 | Construir | Farm |
| 15:28 | Construir | Farm |
| 15:29 | Construir | Farm |
| 15:30 | Construir | Farm |
| 16:01 | Crear | Villager (Male) |
| 16:01 | Crear | Villager (Male) |
| 16:15 | Construir | Mining Camp |
| 17:04 | Investigar | Castle Age |
| 17:18 | Construir | Barracks |
| 17:25 | Investigar | Stone Mining |
| 17:30 | Investigar | Horse Collar |
| 18:05 | Construir | Farm |
| 18:07 | Construir | Farm |
| 18:07 | Construir | Farm |
| 18:09 | Construir | Farm |
| 18:12 | Construir | Farm |
| 18:26 | Crear | Villager (Male) |
| 18:28 | Investigar | Wheelbarrow |
| 18:47 | Construir | Stable |
| 19:42 | Investigar | Bow Saw |
| 19:44 | Edad | Edad de los Castillos |
| 19:46 | Investigar | Heavy Plow |
| 19:55 | Construir | Mining Camp |
| 20:00 | Crear | Villager (Male) |
| 20:01 | Crear | Villager (Male) |
| 20:13 | Construir | House |
| 20:14 | Construir | House |
| 20:36 | Crear | Knight |
| 20:37 | Crear | Knight |
| 21:05 | Construir | Town Center |
| 21:19 | Crear | Villager (Male) |
| 21:34 | Crear | Spearman |
| 21:35 | Crear | Spearman |
| 21:54 | Crear | Villager (Male) |
| 22:01 | Construir | Farm |
| 22:17 | Construir | House |
| 22:18 | Construir | House |
| 22:19 | Construir | House |
| 22:20 | Construir | House |
| 22:33 | Crear | Villager (Male) |
| 22:33 | Crear | Villager (Male) |
| 23:07 | Crear | Villager (Male) |
| 23:24 | Construir | Monastery |
| 23:34 | Crear | Villager (Male) |
| 23:44 | Construir | Farm |
| 23:45 | Construir | Farm |
| 23:46 | Construir | Farm |
| 23:57 | Crear | Villager (Male) |
| 23:57 | Crear | Villager (Male) |
| 24:02 | Construir | Farm |
| 24:03 | Construir | Farm |
| 24:03 | Construir | Farm |
| 24:06 | Construir | Farm |
| 24:14 | Crear | Villager (Male) |
| 24:36 | Crear | Villager (Male) |
| 24:46 | Construir | University |
| 24:51 | Crear | Villager (Male) |
| 24:58 | Crear | Villager (Male) |
| 25:11 | Construir | House |
| 25:12 | Construir | House |
| 25:12 | Construir | House |
| 25:13 | Construir | House |
| 25:13 | Construir | House |
| 25:14 | Construir | House |
| 25:14 | Construir | House |
| 25:41 | Crear | Knight |
| 25:42 | Crear | Knight |
| 25:42 | Crear | Knight |
| 25:58 | Investigar | Scale Barding Armor |
| 25:59 | Investigar | Forging |
| 26:09 | Construir | Stable |
| 27:58 | Crear | Knight |
| 27:58 | Crear | Knight |
Build order — stillslipping
84 acciones detectadas en el replay
| 0:02 | Crear | Villager (Male) |
| 0:13 | Construir | House |
| 0:22 | Construir | House |
| 0:49 | Crear | Villager (Male) |
| 1:23 | Crear | Villager (Male) |
| 1:45 | Crear | Villager (Male) |
| 2:02 | Crear | Villager (Male) |
| 2:24 | Crear | Villager (Male) |
| 2:59 | Construir | Lumber Camp |
| 3:19 | Crear | Villager (Male) |
| 3:54 | Crear | Villager (Male) |
| 4:39 | Crear | Villager (Male) |
| 5:29 | Construir | Mill |
| 5:33 | Crear | Villager (Male) |
| 6:05 | Crear | Villager (Male) |
| 6:41 | Crear | Villager (Male) |
| 6:51 | Construir | House |
| 8:21 | Crear | Villager (Male) |
| 8:58 | Crear | Villager (Male) |
| 9:44 | Crear | Villager (Male) |
| 9:58 | Investigar | Feudal Age |
| 10:59 | Construir | Mining Camp |
| 12:02 | Construir | Barracks |
| 12:17 | Crear | Villager (Male) |
| 12:19 | Edad | Edad Feudal |
| 12:59 | Construir | Stone Wall |
| 13:26 | Construir | Archery Range |
| 13:57 | Construir | Farm |
| 14:03 | Construir | Farm |
| 14:13 | Construir | Farm |
| 14:21 | Construir | Farm |
| 14:46 | Construir | Stable |
| 15:05 | Construir | House |
| 15:10 | Crear | Villager (Male) |
| 16:17 | Construir | Mining Camp |
| 16:25 | Crear | Villager (Male) |
| 16:29 | Investigar | Castle Age |
| 16:49 | Construir | Farm |
| 17:00 | Construir | Farm |
| 17:11 | Construir | Palisade Gate |
| 18:01 | Construir | Watch Tower |
| 18:16 | Crear | Villager (Male) |
| 18:28 | Crear | Skirmisher |
| 18:29 | Crear | Skirmisher |
| 18:30 | Crear | Skirmisher |
| 18:30 | Crear | Skirmisher |
| 18:33 | Crear | Skirmisher |
| 18:50 | Construir | House |
| 19:03 | Construir | Farm |
| 19:30 | Edad | Edad de los Castillos |
| 19:48 | Construir | House |
| 20:21 | Construir | Farm |
| 20:56 | Investigar | Light Cavalry (upgrade) |
| 21:06 | Investigar | Loom |
| 21:06 | Investigar | Loom |
| 21:08 | Investigar | Town Watch |
| 21:26 | Construir | Lumber Camp |
| 21:59 | Crear | Skirmisher |
| 21:59 | Crear | Skirmisher |
| 21:59 | Crear | Skirmisher |
| 22:00 | Crear | Skirmisher |
| 22:54 | Investigar | Crossbowman (upgrade) |
| 22:59 | Crear | Villager (Male) |
| 23:00 | Crear | Villager (Male) |
| 23:01 | Crear | Villager (Male) |
| 23:05 | Construir | Farm |
| 23:28 | Investigar | Double-Bit Axe |
| 23:41 | Crear | Villager (Male) |
| 23:56 | Construir | House |
| 24:25 | Crear | Skirmisher |
| 24:26 | Crear | Skirmisher |
| 24:26 | Crear | Skirmisher |
| 24:26 | Crear | Skirmisher |
| 24:55 | Crear | Cavalry Archer |
| 24:55 | Crear | Cavalry Archer |
| 24:56 | Crear | Cavalry Archer |
| 25:05 | Crear | Archer |
| 25:06 | Crear | Archer |
| 25:13 | Crear | Knight |
| 25:14 | Crear | Knight |
| 25:15 | Crear | Knight |
| 25:16 | Crear | Knight |
| 26:23 | Crear | Scout Cavalry |
| 26:23 | Crear | Scout Cavalry |
Build order — eduardogt75
117 acciones detectadas en el replay
| 0:04 | Crear | Villager (Male) |
| 0:05 | Crear | Villager (Male) |
| 0:05 | Crear | Villager (Male) |
| 0:05 | Crear | Villager (Male) |
| 0:06 | Crear | Villager (Male) |
| 0:51 | Construir | House |
| 0:54 | Construir | House |
| 1:54 | Construir | Palisade Wall |
| 1:57 | Construir | Palisade Gate |
| 2:16 | Crear | Villager (Male) |
| 3:00 | Crear | Villager (Male) |
| 3:00 | Crear | Villager (Male) |
| 3:15 | Construir | Lumber Camp |
| 3:41 | Crear | Villager (Male) |
| 3:52 | Crear | Villager (Male) |
| 4:39 | Construir | House |
| 4:40 | Construir | House |
| 4:46 | Crear | Villager (Male) |
| 4:46 | Crear | Villager (Male) |
| 5:25 | Crear | Villager (Male) |
| 5:25 | Crear | Villager (Male) |
| 5:37 | Construir | House |
| 6:39 | Crear | Villager (Male) |
| 6:39 | Crear | Villager (Male) |
| 6:40 | Crear | Villager (Male) |
| 6:40 | Crear | Villager (Male) |
| 7:06 | Construir | Mill |
| 7:21 | Construir | Mill |
| 8:23 | Construir | Lumber Camp |
| 8:26 | Crear | Villager (Male) |
| 8:27 | Crear | Villager (Male) |
| 8:27 | Crear | Villager (Male) |
| 9:53 | Investigar | Loom |
| 9:54 | Crear | Villager (Male) |
| 9:54 | Crear | Villager (Male) |
| 9:55 | Crear | Villager (Male) |
| 9:55 | Crear | Villager (Male) |
| 9:55 | Crear | Villager (Male) |
| 9:55 | Crear | Villager (Male) |
| 10:56 | Construir | House |
| 10:59 | Construir | House |
| 11:04 | Crear | Villager (Male) |
| 11:42 | Construir | Mining Camp |
| 11:58 | Construir | Barracks |
| 12:42 | Construir | Mining Camp |
| 13:00 | Investigar | Feudal Age |
| 13:31 | Construir | Barracks |
| 15:23 | Edad | Edad Feudal |
| 15:45 | Construir | Archery Range |
| 15:49 | Construir | Archery Range |
| 15:54 | Construir | Blacksmith |
| 16:00 | Investigar | Wheelbarrow |
| 16:03 | Investigar | Horse Collar |
| 16:07 | Investigar | Double-Bit Axe |
| 16:57 | Crear | Villager (Male) |
| 16:58 | Crear | Villager (Male) |
| 16:58 | Crear | Villager (Male) |
| 16:58 | Crear | Villager (Male) |
| 16:59 | Crear | Villager (Male) |
| 16:59 | Crear | Villager (Male) |
| 17:34 | Construir | Farm |
| 17:34 | Construir | Farm |
| 17:34 | Construir | Farm |
| 17:34 | Construir | Farm |
| 17:35 | Construir | Farm |
| 17:35 | Construir | Farm |
| 17:35 | Construir | Farm |
| 17:35 | Construir | Farm |
| 17:36 | Construir | Farm |
| 17:36 | Construir | Farm |
| 17:36 | Construir | Farm |
| 17:36 | Construir | Farm |
| 18:25 | Construir | Market |
| 19:19 | Construir | Lumber Camp |
| 19:24 | Construir | Farm |
| 19:24 | Construir | Farm |
| 19:25 | Construir | Farm |
| 19:26 | Construir | Farm |
| 19:26 | Construir | Farm |
| 19:51 | Construir | House |
| 19:53 | Construir | House |
| 19:54 | Construir | House |
| 19:56 | Construir | House |
| 20:23 | Crear | Villager (Male) |
| 20:24 | Crear | Villager (Male) |
| 20:26 | Construir | Farm |
| 20:26 | Construir | Farm |
| 20:51 | Construir | Stone Wall |
| 20:55 | Construir | Gate |
| 21:26 | Construir | House |
| 21:29 | Construir | House |
| 21:29 | Construir | House |
| 21:30 | Construir | House |
| 21:47 | Construir | Farm |
| 21:52 | Investigar | Castle Age |
| 22:03 | Crear | Trade Cart ×5 |
| 22:12 | Crear | Archer ×2 |
| 22:12 | Crear | Archer ×2 |
| 24:10 | Investigar | Arson |
| 24:12 | Crear | Spearman ×5 |
| 24:12 | Crear | Spearman ×5 |
| 24:12 | Crear | Spearman ×5 |
| 24:12 | Crear | Spearman ×5 |
| 24:26 | Investigar | Scale Mail Armor |
| 24:32 | Edad | Edad de los Castillos |
| 25:08 | Construir | Town Center |
| 25:13 | Investigar | Bow Saw |
| 25:24 | Investigar | Heavy Plow |
| 26:10 | Investigar | Pikeman (upgrade) |
| 26:20 | Investigar | Squires |
| 26:20 | Investigar | Squires |
| 26:54 | Investigar | Crossbowman (upgrade) |
| 27:03 | Crear | Archer ×5 |
| 27:04 | Crear | Archer ×5 |
| 27:24 | Crear | Archer |
| 28:27 | Construir | Market |
| 28:37 | Construir | University |
Build order — guilleaj
Primeras 150 de 156 acciones detectadas
| 0:14 | Construir | House |
| 0:16 | Investigar | Loom |
| 0:17 | Crear | Villager (Male) ×4 |
| 0:39 | Construir | House |
| 0:51 | Construir | House |
| 0:53 | Construir | House |
| 1:35 | Construir | Mill |
| 1:47 | Crear | Villager (Male) |
| 2:37 | Crear | Villager (Male) |
| 3:00 | Crear | Villager (Male) |
| 3:27 | Crear | Villager (Male) |
| 3:41 | Crear | Villager (Male) |
| 3:57 | Crear | Villager (Male) |
| 4:22 | Crear | Villager (Male) |
| 4:25 | Crear | Villager (Male) |
| 5:25 | Crear | Villager (Male) ×3 |
| 6:12 | Construir | Palisade Wall |
| 6:18 | Construir | Palisade Gate |
| 6:20 | Construir | Palisade Gate |
| 6:27 | Crear | Villager (Male) |
| 7:15 | Crear | Villager (Male) |
| 7:36 | Crear | Villager (Male) |
| 7:50 | Crear | Villager (Male) |
| 8:11 | Construir | House |
| 8:15 | Construir | House |
| 8:18 | Crear | Villager (Male) |
| 8:21 | Crear | Villager (Male) |
| 8:46 | Construir | Lumber Camp |
| 9:07 | Crear | Villager (Male) |
| 9:18 | Construir | House |
| 9:32 | Crear | Villager (Male) |
| 9:48 | Construir | Mill |
| 9:56 | Investigar | Feudal Age |
| 10:37 | Construir | Outpost |
| 10:38 | Construir | Outpost |
| 10:39 | Construir | Outpost |
| 10:41 | Construir | Outpost |
| 10:42 | Construir | Outpost |
| 10:57 | Crear | Villager (Male) ×5 |
| 11:55 | Construir | Barracks |
| 12:26 | Edad | Edad Feudal |
| 12:33 | Investigar | Double-Bit Axe |
| 12:39 | Investigar | Horse Collar |
| 12:59 | Construir | Mining Camp |
| 13:43 | Construir | Stone Wall |
| 13:48 | Construir | Stone Wall |
| 14:05 | Crear | Villager (Male) |
| 14:12 | Construir | Farm |
| 14:12 | Construir | Farm |
| 14:12 | Construir | Farm |
| 14:13 | Construir | Farm |
| 14:13 | Construir | Farm |
| 14:13 | Construir | Farm |
| 14:13 | Construir | Farm |
| 14:14 | Construir | Farm |
| 14:14 | Construir | Farm |
| 14:24 | Construir | Farm |
| 15:07 | Investigar | Man-at-Arms (upgrade) |
| 15:13 | Construir | Farm |
| 15:16 | Crear | Villager (Male) ×5 |
| 15:30 | Construir | Farm |
| 15:30 | Construir | Farm |
| 15:31 | Construir | Farm |
| 15:52 | Construir | Mill |
| 16:37 | Crear | Villager (Male) |
| 16:37 | Crear | Villager (Male) |
| 16:54 | Construir | Barracks |
| 17:09 | Construir | Blacksmith |
| 17:26 | Construir | House |
| 17:31 | Construir | House |
| 17:32 | Construir | House |
| 17:33 | Construir | House |
| 17:34 | Construir | House |
| 17:38 | Construir | House |
| 17:42 | Construir | House |
| 17:53 | Crear | Villager (Male) |
| 18:19 | Crear | Villager (Male) |
| 18:20 | Crear | Villager (Male) |
| 18:35 | Construir | Market |
| 18:43 | Investigar | Town Watch |
| 19:02 | Construir | Farm |
| 19:03 | Construir | Farm |
| 19:22 | Crear | Militia ×5 |
| 19:24 | Crear | Militia |
| 19:49 | Crear | Villager (Male) |
| 19:51 | Crear | Villager (Male) |
| 20:10 | Investigar | Arson |
| 20:10 | Crear | Militia |
| 20:23 | Construir | House |
| 20:23 | Construir | House |
| 20:24 | Construir | House |
| 20:24 | Construir | House |
| 20:26 | Construir | House |
| 20:27 | Construir | House |
| 20:28 | Construir | House |
| 20:29 | Construir | House |
| 20:31 | Construir | House |
| 20:32 | Construir | House |
| 20:32 | Construir | House |
| 20:37 | Construir | Barracks |
| 20:42 | Investigar | Castle Age |
| 20:48 | Crear | Militia ×5 |
| 20:55 | Crear | Militia |
| 21:09 | Investigar | Scale Mail Armor |
| 21:21 | Crear | Trade Cart |
| 21:59 | Construir | Mining Camp |
| 22:08 | Crear | Villager (Male) ×5 |
| 22:16 | Crear | Militia ×4 |
| 22:40 | Investigar | Forging |
| 23:22 | Edad | Edad de los Castillos |
| 23:25 | Construir | Farm |
| 23:26 | Construir | Farm |
| 23:26 | Construir | Farm |
| 23:26 | Construir | Farm |
| 23:27 | Construir | Farm |
| 23:40 | Construir | Town Center |
| 23:46 | Investigar | Bow Saw |
| 23:49 | Investigar | Heavy Plow |
| 24:17 | Investigar | Long Swordsman (upgrade) |
| 24:17 | Investigar | Gambesons |
| 24:19 | Investigar | Squires |
| 24:45 | Construir | Mining Camp |
| 25:06 | Crear | Villager (Male) ×5 |
| 25:15 | Crear | Villager (Male) |
| 25:25 | Investigar | Gold Mining |
| 25:58 | Investigar | Town Patrol |
| 26:03 | Construir | Farm |
| 26:10 | Crear | Villager (Male) |
| 26:11 | Crear | Villager (Male) |
| 26:21 | Investigar | Fletching |
| 27:04 | Investigar | Stone Mining |
| 27:08 | Crear | Villager (Male) ×5 |
| 27:22 | Construir | Mining Camp |
| 27:25 | Crear | Trade Cart |
| 27:26 | Crear | Trade Cart |
| 27:38 | Construir | Siege Workshop |
| 27:46 | Construir | House |
| 27:46 | Construir | House |
| 27:46 | Construir | House |
| 27:47 | Construir | House |
| 27:49 | Construir | House |
| 27:49 | Construir | House |
| 27:50 | Construir | House |
| 27:55 | Crear | Villager (Male) ×5 |
| 28:05 | Construir | Farm |
| 28:06 | Construir | Farm |
| 28:08 | Construir | Farm |
| 28:10 | Construir | Farm |
| 28:11 | Construir | Farm |
| 28:41 | Crear | Militia ×5 |
Cronología de la partida
| 1:54 | eduardogt75 · wall_segment Palisade Wall x10 |
| 6:12 | guilleaj · wall_segment Palisade Wall x15 |
| 10:28 | 一飞 · wall_segment Palisade Wall x19 |
| 11:53 | 一飞 · age_up feudal |
| 11:55 | guilleaj · first_building Barracks |
| 11:58 | eduardogt75 · first_building Barracks |
| 12:02 | stillslipping · first_building Barracks |
| 12:19 | stillslipping · age_up feudal |
| 12:26 | guilleaj · age_up feudal |
| 12:59 | stillslipping · wall_segment Stone Wall x13 |
| 13:26 | stillslipping · first_building Archery Range |
| 13:43 | guilleaj · wall_segment Stone Wall x2 |
| 13:48 | guilleaj · wall_segment Stone Wall x14 |
| 14:46 | stillslipping · first_building Stable |
| 15:23 | eduardogt75 · age_up feudal |
| 15:45 | eduardogt75 · first_building Archery Range |
| 16:52 | 一飞 · first_market_sell 100 wood |
| 16:55 | 一飞 · first_market_buy 100 food |
| 17:18 | 一飞 · first_building Barracks |
| 18:47 | 一飞 · first_building Stable |
| 19:30 | stillslipping · age_up castle |
| 19:44 | 一飞 · age_up castle |
| 20:51 | eduardogt75 · wall_segment Stone Wall x16 |
| 23:22 | guilleaj · age_up castle |
| 23:24 | 一飞 · first_building Monastery |
| 24:32 | eduardogt75 · age_up castle |
| 27:38 | guilleaj · first_building Siege Workshop |
| 28:17 | 一飞 · resign |
[ ANÁLISIS IA · 1 CRÉDITO ]
¿Qué pasó realmente en esta partida?
Wolo.gg analiza cada decisión: build order, eco, micro, errores típicos por bracket. Análisis personalizado por WhatsApp o Discord en 30 segundos.
Guía civ
Borgoñones
Guía mapa
Glade
Perfil
Jugador #23823913